 Dungeon Crawl Stone Soup version 0.23.2-30-g0e89c35649 (webtiles) character file.

Game seed: 2825150763143627415

64 xelsha the Grasshopper (level 4, -3/34 HPs)
             Began as a Human Warper on June 13, 2019.
             Slain by Crazy Yiuf
             ... wielding a +4 quarterstaff of chaos
              (7 damage)
             ... on level 2 of the Dungeon.
             The game lasted 00:08:11 (2081 turns).

xelsha the Grasshopper (Human Warper)               Turns: 2081, Time: 00:08:12

Health: -3/34      AC:  4    Str: 11    XL:     4   Next: 32%
Magic:  7/7        EV: 12    Int: 15    God:
Gold:   78         SH:  0    Dex: 12    Spells: 5/7 levels left

rFire    . . .     SeeInvis .   a - +0 spear
rCold    + . .     Gourm    .   (no shield)
rNeg     . . .     Faith    .   b - +0 leather armour
rPois    +         Spirit   .   (no helmet)
rElec    .         Reflect  .   p - +0 cloak
rCorr    .         Harm     .   (no gloves)
MR       .....                  (no boots)
Stlth    +.........             (no amulet)
HPRegen  0.11/turn              o - ring of poison resistance
MPRegen  0.10/turn              j - ring of protection from cold

@: no status effects
A: no striking features
a: no special abilities


You were on level 2 of the Dungeon.
You were not hungry.

You visited 1 branch of the dungeon, and saw 2 of its levels.

You collected 78 gold pieces.

Inventory:

Hand Weapons
 a - a +0 spear (weapon)
Missiles
 c - a throwing net
 e - 5 tomahawks of dispersal (quivered)
Armour
 b - a +0 leather armour (worn)
 p - a +0 cloak (worn)
Jewellery
 j - a ring of protection from cold (right hand)
 o - a ring of poison resistance (left hand)
 q - an uncursed ring of flight
Scrolls
 d - a scroll of blinking
 h - a scroll of remove curse {unknown}
 l - a scroll of amnesia {unknown}
 m - a scroll of teleportation {unknown}
 r - a scroll of identify
Potions
 g - a potion of brilliance {unknown}
 i - 2 potions of cancellation
 k - a potion of invisibility {unknown}
 n - 2 potions of curing {unknown}
 s - a potion of degeneration {unknown}
Comestibles
 f - 2 rations


   Skills:
 + Level 2.5 Fighting
 + Level 2.5 Polearms
 + Level 1.8 Throwing
 + Level 1.9 Armour
 - Level 2.0 Dodging
 + Level 2.4 Spellcasting
 - Level 3.0 Translocations


You had 5 spell levels left.
You knew the following spells:

 Your Spells              Type           Power        Failure   Level  Hunger
a - Blink                 Tloc           N/A          12%         2    ###....

Your spell library contained the following spells:

 Spells                   Type           Power        Failure   Level  Hunger
 Shroud of Golubria       Chrm/Tloc      #.........   22%         2    ###....
 Gell's Gravitas          Tloc           ##........   24%         3    ###....
 Lesser Beckoning         Tloc           ##........   24%         3    ###....
 Teleport Other           Tloc           ##......     24%         3    ###....
 Passage of Golubria      Tloc           N/A          63%         4    #####..


Dungeon Overview and Level Annotations

Branches:
Dungeon (2/15)

Altars:
Qazlal

Annotations:
D:2 Crazy Yiuf, Sigmund


Message History

You hit Crazy Yiuf.
Crazy Yiuf is heavily wounded.
Crazy Yiuf hits you with a +4 quarterstaff of chaos.
Space bends around you.
You hit Crazy Yiuf.
Crazy Yiuf is severely wounded.
You hit Crazy Yiuf.
Crazy Yiuf is almost dead.
Crazy Yiuf hits you with a +4 quarterstaff of chaos!
* * * LOW HITPOINT WARNING * * *
You hit Crazy Yiuf.
Crazy Yiuf is almost dead.
Crazy Yiuf barely misses you.
You hit Crazy Yiuf but do no damage.
Crazy Yiuf is almost dead.
Crazy Yiuf barely misses you.
You hit Crazy Yiuf but do no damage.
Crazy Yiuf is almost dead.
Crazy Yiuf hits you with a +4 quarterstaff of chaos!
You die...

#.##.............(.......#
#.##...#.#############.###
. #.##...#.# #.#.# .
#.##...#.### ##### #...# .
#.##.......# #).)# ###.#
#.##.......# #)))# #.#
#.###.#....# ))) #.#
#.###(.#.### #g# #.#
#......#.# ♣♣@♣ #.#
#####..#.### ♣)♣♣ ###
#.....#...# ♣♣)♣
#.##.....## ♣)♣♣
#.##......# ♣♣)♣♣
#.##.....## ♣)..♣♣ #
#.##.....# ♣....♣ # .
#.##.....## #....# .# ###
#.#.......###....######.#
###.#


You could see Crazy Yiuf.

Vanquished Creatures
  An adder (D:2)
  2 oozes (D:1)
  A dart slug (D:2)
  4 leopard geckos
  8 bats
  2 giant cockroaches (D:1)
  2 goblins
  3 hobgoblins (D:1)
  2 jackals (D:2)
  3 kobolds
  A ball python (D:1)
  4 frilled lizards
  7 rats
40 creatures vanquished.

Notes
Turn   | Place    | Note
-------+----------+-------------------------------------------
     0 | D:1      | xelsha the Human Warper began the quest for the Orb.
     0 | D:1      | Reached XP level 1. HP: 16/16 MP: 3/3
   187 | D:1      | Reached XP level 2. HP: 22/22 MP: 5/5
   628 | D:1      | Reached XP level 3. HP: 27/27 MP: 6/6
   641 | D:1      | Learned a level 2 spell: Blink
  1222 | D:2      | Noticed Sigmund
  1415 | D:2      | Noticed a sky beast
  1427 | D:2      | Found a stormy altar of Qazlal.
  1685 | D:2      | Reached XP level 4. HP: 18/34 MP: 7/7
  2067 | D:2      | Found a runed translucent door.
  2068 | D:2      | Noticed Crazy Yiuf
  2081 | D:2      | Slain by Crazy Yiuf

Action                   |  1- 3 |  4- 6 || total
-------------------------+-------+-------++-------
Melee: Spear             |   137 |    27 ||   164
 Cast: Blink             |     1 |       ||     1
  Use: Scroll            |     3 |       ||     3
 Stab: Sleeping          |       |     1 ||     1
  Eat: Ration            |     1 |       ||     1
Armor: Leather armour    |    34 |     5 ||    39
Dodge: Dodged            |    87 |    10 ||    97
